AoeStats
← HAKUNA MATATA

Black Forest

503861136Analyzed
4v4 RM · 1mo ago on Sep 2, 2026· 49m 21s· 8 players
Game mode
Random Map
Map size
Large (8 player)
Population
200
Speed
Normal
Resources
Standard
Victory
Conquest
Starting age
Dark Age
Ending age
Imperial Age
RankedLock teamsTeams togetherTeam positionsShared explorationLock speedFull tech treeHidden civsTurbo modeCheats
Victory
Defeat
🇮🇳 Bohemians · India
1659
+6
🇭🇰 Britons · Hong Kong SAR China
1523
+11
🇭🇰 Persians · Hong Kong SAR China
1444
+14
🇹🇷 Bengalis · Türkiye
1252
+22
🇻🇳 Franks · Vietnam
1425
-14
🇮🇳 Aztecs · India
1423
-14
🇳🇿 Britons · New Zealand
1388
-12
🇦🇷 Persians · Argentina
1368
-11
JayJayNico
1:00 Loom
14:19 Feudal Age
19:52 Castle Age
18:03 Double-Bit Axe
17:59 Horse Collar
28:22 Bow Saw
29:39 Heavy Plow
31:25 Fletching
35:36 Imperial Age
33:36 Bodkin Arrow
35:31 Ballistics
37:56 Wheelbarrow
38:30 Gold Mining
felixaleman1010
8:58 Loom
10:48 Feudal Age
11:46 Double-Bit Axe
16:49 Fishing Lines
19:20 Castle Age
17:37 Fishing Lines
19:09 Gold Mining
19:02 Horse Collar
20:13 Bow Saw
20:42 Scale Barding Armor
20:48 Forging
21:54 Forging
21:14 Light Cavalry
23:15 Bloodlines
23:26 Husbandry
26:48 Gillnets
31:11 Imperial Age
30:20 Murder Holes
30:35 Masonry
31:24 Wheelbarrow
30:34 Town Watch
30:52 Padded Archer Armor
30:52 Scale Mail Armor
31:28 Iron Casting
30:17 Pikeman
30:57 Squires
32:44 Chemistry
32:05 Ballistics
32:20 Thumb Ring
31:55 Halberdier
33:21 Cavalier
36:18 Conscription
37:08 Chain Barding Armor
23
1:36 Loom
11:01 Feudal Age
12:28 Double-Bit Axe
14:59 Castle Age
13:25 Horse Collar
16:18 Bow Saw
20:06 Sanctity
20:00 Fervor
20:29 Wheelbarrow
20:12 Stone Mining
20:53 Sanctity
27:46 Imperial Age
25:35 Fletching
26:19 Heavy Plow
26:11 Gold Mining
26:47 Bodkin Arrow
27:50 Ballistics
27:45 Atlatl
27:50 Bodkin Arrow
27:56 Padded Archer Armor
28:49 Block Printing
29:18 Theocracy
29:10 Illumination
28:25 Elite Skirmisher
30:34 Chemistry
30:00 Bracer
31:02 Leather Archer Armor
31:45 Town Watch
34:54 Garland Wars
34:36 Scale Mail Armor
34:46 Forging
34:37 Squires
33:58 Pikeman
36:12 Chain Mail Armor
38:00 Plate Mail Armor
39:40 Iron Casting
40:42 Conscription
42:16 Blast Furnace
41:53 Caravan
42:24 Coinage
42:28 Crop Rotation
42:34 Gold Shaft Mining
41:32 Capped Ram
42:38 Eagle Warrior
43:04 Arson
44:37 Hand Cart
43:50 Elite Eagle Warrior
44:07 Siege Ram
TakEru
4:44 Loom
11:03 Feudal Age
15:54 Castle Age
14:04 Double-Bit Axe
22:03 Wheelbarrow
23:33 Bow Saw
23:47 Gold Mining
23:59 Stone Mining
24:45 Caravan
24:59 Fishing Lines
27:13 Hand Cart
28:01 Forging
27:57 Scale Barding Armor
31:06 Imperial Age
29:38 Iron Casting
30:01 Husbandry
31:15 Chain Barding Armor
31:42 Gold Shaft Mining
31:20 Cavalier
33:42 Blast Furnace
33:20 Plate Barding Armor
33:32 Paladin
34:45 Gillnets
34:49 Fletching
41:28 Padded Archer Armor
HAKUNA MATATA
2:58 Loom
13:03 Feudal Age
15:07 Town Watch
17:38 Castle Age
18:10 Double-Bit Axe
18:07 Horse Collar
20:42 Fletching
24:40 Bow Saw
24:38 Heavy Plow
33:02 Imperial Age
33:01 Bodkin Arrow
33:07 Padded Archer Armor
33:54 Wheelbarrow
33:13 Elite Skirmisher
33:37 Elite Elephant Archer
35:56 Chemistry
35:47 Hand Cart
38:05 Ballistics
40:13 Leather Archer Armor
39:58 Bracer
44:57 Ring Archer Armor
46:24 Pikeman
47:04 Squires
46:49 Arson
46:50 Gambesons
47:32 Scale Mail Armor
47:38 Halberdier
49:11 Chain Mail Armor
49:07 Forging
49:29 Ring Archer Armor
LagiPup
0:30 Loom
15:55 Feudal Age
20:38 Castle Age
19:36 Double-Bit Axe
19:36 Horse Collar
27:55 Wheelbarrow
34:27 Imperial Age
32:10 Fletching
32:43 Ballistics
32:44 Padded Archer Armor
33:47 Bow Saw
33:51 Bodkin Arrow
36:17 Chemistry
35:51 Bracer
35:52 Town Watch
37:35 Elite Longbowman
39:30 Leather Archer Armor
40:28 Conscription
41:32 Hand Cart
42:17 Two-Man Saw
41:18 Heavy Plow
41:09 Gold Mining
41:09 Stone Mining
41:55 Town Patrol
42:33 Gold Shaft Mining
41:39 Treadmill Crane
43:04 Yeomen
44:27 Ring Archer Armor
44:08 Masonry
44:04 Siege Engineers
43:54 Murder Holes
44:56 Siege Engineers
45:22 Architecture
45:53 Architecture
kenny yip
6:16 Loom
10:18 Feudal Age
10:47 Feudal Age
14:22 Castle Age
12:11 Double-Bit Axe
12:41 Horse Collar
13:26 Gold Mining
16:05 Bow Saw
18:05 Wheelbarrow
20:11 Heavy Plow
23:24 Hand Cart
23:56 Stone Mining
24:42 Gold Shaft Mining
27:33 Stone Shaft Mining
27:34 Gold Shaft Mining
30:12 Imperial Age
28:13 Forging
28:52 Gold Shaft Mining
28:44 Scale Barding Armor
29:35 Iron Casting
29:23 Husbandry
29:33 Bloodlines
29:34 Caravan
30:25 Chain Barding Armor
29:53 Cavalier
31:44 Chemistry
31:58 Blast Furnace
31:12 Guilds
31:34 Coinage
31:24 Savar
33:23 Devotion
35:33 Banking
35:31 Heavy Camel Rider
36:50 Conscription
39:33 Plate Barding Armor
45:21 Light Cavalry
NoisyBuoy
12:05 Feudal Age
16:16 Castle Age
14:57 Loom
14:59 Double-Bit Axe
17:59 Bow Saw
21:19 Sanctity
21:10 Fervor
20:49 Fishing Lines
21:05 Horse Collar
23:19 Gillnets
23:49 Fervor
29:16 Imperial Age
28:36 Chemistry
27:16 Treadmill Crane
28:42 Scale Mail Armor
28:46 Heavy Plow
29:25 Coinage
29:14 Pikeman
31:01 Squires
31:42 Chain Mail Armor
32:38 Siege Engineers
32:53 Halberdier
34:18 Wheelbarrow
33:28 Town Watch
34:24 Conscription
34:40 Block Printing
34:52 Forging
35:30 Plate Mail Armor
35:52 Hand Cart
35:22 Town Watch
36:13 Wagenburg Tactics
36:13 Hussite Reforms
37:03 Banking
36:43 Guilds
37:03 Redemption
37:19 Illumination
38:42 Two-Man Saw
38:44 Theocracy
38:17 Hussite Reforms
39:14 Iron Casting
38:30 Fletching
39:10 Guilds
39:22 Houfnice
40:25 Ballistics
41:07 Blast Furnace
40:55 Bodkin Arrow
40:56 Elite Hussite Wagon
42:53 Bracer
48:09 Man-at-Arms
49:31 Padded Archer Armor
Connection lost

Rejoining the realm…

Still unreachable

The connection could not be restored.

Session expired

The server has moved on; the page needs a fresh start.